 Dungeon Crawl Stone Soup version 0.26.0-10-g1f06aea511 (webtiles) character file.

Game seed: 9934365924204518907

5476 Borgoz the Fighter (level 10, -3/90 HPs)
             Began as a Ghoul Gladiator on Jan 15, 2021.
             Was a Believer of Ashenzari.
             Slain by a black bear (8 damage)
             ... on level 10 of the Dungeon.
             The game lasted 00:12:31 (10112 turns).

Borgoz the Fighter (Ghoul Gladiator)               Turns: 10112, Time: 00:12:32

Health: -3/90      AC: 14    Str: 17 (19) XL:     10   Next: 69%
Magic:  9/9        EV: 14    Int:  3      God:    Ashenzari [**....]
Gold:   1990       SH:  0    Dex: 17      Spells: 9/9 levels left

rFire    . . .     SeeInvis .     - Unarmed
rCold    + . .     Faith    .   (no shield)
rNeg     + + +     Spirit   .   u - +1 scale mail "Fothro" {Dex+4 Slay+3}
rPois    ∞         Reflect  .   z - +2 hat
rElec    .         Harm     .   t - +1 cloak
rCorr    +         Rampage  .   (no gloves)
Will     .....                  j - +0 pair of boots
Stlth    +.........             (no amulet)
HPRegen  0.00/turn              i - ring of resist corrosion
MPRegen  0.11/turn              k - ring of stealth

@: no status effects
A: claws 1, cold resistance 1, negative energy resistance 3, inhibited
regeneration, torment resistance, unbreathing
a: Renounce Religion, Curse Item, Scrying


You were on level 10 of the Dungeon.
You worshipped Ashenzari.
Ashenzari was pleased with you.
You visited 2 branches of the dungeon, and saw 11 of its levels.
You also visited: Ossuary.

You collected 1990 gold pieces.

Inventory:

Hand Weapons
 s - a cursed +5 scimitar
Missiles
 c - 7 throwing nets (quivered)
Armour
 g - a +2 pair of gloves
 j - a +0 pair of boots (worn)
 t - a +1 cloak (worn)
 u - the +1 scale mail "Fothro" (worn) {Dex+4 Slay+3}
   (You found it on level 4 of the Dungeon)

   It affects your dexterity (+4).
   It affects your accuracy and damage with ranged weapons and melee attacks
   (+3).
 w - the +1 ring mail "Jonugi" {rElec SInv}
   (You found it on level 7 of the Dungeon)

   It insulates you from electricity.
   It lets you see invisible.
 z - a +2 hat (worn)
Jewellery
 i - a ring of resist corrosion (left claw)
 k - a ring of stealth (right claw)
Wands
 h - a wand of iceblast (13)
Scrolls
 a - 5 scrolls of remove curse
 d - 6 scrolls of teleportation
 f - a scroll of magic mapping
 p - 3 scrolls of enchant weapon
 v - a scroll of blinking
 x - a scroll of holy word {unknown}
 y - 2 scrolls of identify
Potions
 b - a potion of flight {unknown}
 e - 4 potions of lignification
 l - 2 potions of mutation
 m - 3 potions of heal wounds {unknown}
 n - a potion of berserk rage {unknown}
 o - 3 potions of cancellation
 q - 4 potions of haste
 r - 4 potions of might
 A - a potion of degeneration {unknown}


   Skills:
 + Level 8.7 Fighting
 * Level 6.7 Long Blades
 - Level 1.7 Throwing
 + Level 6.9 Armour
 + Level 7.5 Dodging
 - Level 5.2 Unarmed Combat


You had 9 spell levels left.
You didn't know any spells.
Your spell library contained the following spells:

 Spells                   Type           Power        Failure   Level
 Animate Skeleton         Necr           0%           88%         1
 Apportation              Tloc           0%           88%         1
 Corona                   Hex            0%           88%         1
 Summon Small Mammal      Summ           0%           88%         1


Dungeon Overview and Level Annotations

Branches:
Dungeon (10/15)            Temple (1/1) D:5            Lair (0/6) D:10
Ossuary (visited)
    Orc: D:9-12

Altars:
Ashenzari
Cheibriados
Dithmenos
Elyvilon
Fedhas
Gozag
Hepliaklqana
Kikubaaqudgha
Makhleb
Nemelex Xobeh
Okawaru
Qazlal
Ru
Sif Muna
Trog
Uskayaw
Vehumet
Wu Jian
Xom
Yredelemnul
Zin
The Shining One

Shops:
D:8 =


Innate Abilities, Weirdness & Mutations

You thrive by killing the living.
You are immune to poison.
You have sharp fingernails.
Your flesh is cold resistant. (rC+)
You are immune to negative energy. (rN+++)
You do not regenerate when monsters are visible.
You are immune to unholy pain and torment.
You can survive without breathing.


Message History

The bullfrog hits you.
* * * LOW HITPOINT WARNING * * *
The scorpion misses you. The adder bites you but does no damage.
The orc wizard casts a spell.
The orc wizard blinks!
It was a potion of cancellation.
You feel magically purged.
The bullfrog releases a deep croak.
The bullfrog hits you but does no damage.
The black bear goes berserk!
The ogre closely misses you.
The scorpion stings the plant.
The plant begins to die.
The orc wizard hits you but does no damage.
The scorpion closely misses you. The adder closely misses you.
The bullfrog closely misses you.
It was a potion of mutation.
You feel extremely strange.
Your body decomposes!
You feel weakened.
Your body decomposes!
You feel weakened. The black bear bites you!
You die...

##.....o...........#
...................#
, *
#.................#
* ,
#....(....##'######
*,* #.........'..# *
.#.........#### *
.......oo..# ** ** *
####.oO#### * , , ,
#oS@#* * , ,
*#...shF..#, ,
#..P.sP...... , ,
......P.....P..
.#........P..P. ,
....P.....P.P.P
.P....####...P.
......*> ..P.. *


You could see a black bear (berserk), an ogre, a bullfrog, 2 scorpions, an orc
priest, 2 orc wizards, an adder and an orc.

Vanquished Creatures
  Erolcha (D:9)
  An unseen horror (D:10)
  A hornet (D:9)
  Menkaure (Ossuary)
  2 orc warriors
  2 ice beasts
  2 phantoms
  2 sky beasts
  4 ogres
  A centaur (D:7)
  A big kobold (D:8)
  4 bullfrogs
  A gnoll sergeant (D:8)
  2 wyvern zombies
  3 scorpions
  5 wights (D:7)
  4 howler monkeys
  2 vampire bats (D:9)
  A bullfrog zombie (D:7)
  7 orc priests
  A bullfrog skeleton (D:9)
  7 hounds
  2 jellies
  14 orc wizards
  Natasha (thrice) (D:2)
  3 iguanas
  6 worker ants
  3 mummies (Ossuary)
  A worker ant zombie (D:5)
  9 gnolls (D:8)
  A howler monkey skeleton (D:8)
  11 adders
  2 shadow imps
  2 white imps
  3 ufetubi
  An ooze (D:1)
  2 adder skeletons
  A worm (D:3)
  The ghost of Raspi the Sneak, a weakling GrDe (D:4)
  2 dart slugs
  4 leopard geckos
  35 orcs
  3 ball pythons
  12 bats
  4 bat skeletons (D:9)
  2 bat zombies (D:9)
  9 giant cockroaches
  5 gnoll zombies (Ossuary)
  11 goblins
  8 hobgoblins
  15 jackals
  2 quokkas
  3 frilled lizards
  A giant cockroach zombie (D:6)
  5 gnoll skeletons (Ossuary)
  5 goblin skeletons (Ossuary)
  4 goblin zombies (Ossuary)
  5 hobgoblin skeletons (Ossuary)
  7 hobgoblin zombies (Ossuary)
  A jackal skeleton (D:5)
  18 kobolds
  6 kobold skeletons (Ossuary)
  2 kobold zombies (Ossuary)
  A leopard gecko skeleton (D:5)
  A leopard gecko zombie (D:8)
  3 orc skeletons (Ossuary)
  3 orc zombies (Ossuary)
  8 rats
  A rat skeleton (Ossuary)
  4 rat zombies (Ossuary)
310 creatures vanquished.

Vanquished Creatures (others)
  11 fungi (D:10)
  7 plants (D:10)
18 creatures vanquished.

Grand Total: 328 creatures vanquished

Notes
Turn   | Place    | Note
-------+----------+-------------------------------------------
     0 | D:1      | Borgoz the Ghoul Gladiator began the quest for the Orb.
     0 | D:1      | Reached XP level 1. HP: 17/17 MP: 0/0
    67 | D:1      | Reached XP level 2. HP: 18/25 MP: 1/1
   314 | D:1      | Reached skill level 1 in Armour
   417 | D:1      | Reached XP level 3. HP: 30/30 MP: 2/2
  1033 | D:2      | Reached skill level 3 in Fighting
  1043 | D:2      | Noticed Natasha
  1051 | D:2      | Killed Natasha
  1052 | D:2      | Reached XP level 4. HP: 18/38 MP: 3/3
  1220 | D:2      | Noticed Natasha
  1242 | D:2      | Killed Natasha
  1515 | D:2      | Found a blossoming altar of Fedhas.
  1523 | D:2      | Reached XP level 5. HP: 39/45 MP: 4/4
  1776 | D:2      | Noticed Natasha
  1786 | D:2      | Killed Natasha
  2072 | D:2      | Found a basalt altar of Yredelemnul.
  2457 | D:3      | Found a shimmering blue altar of Sif Muna.
  2466 | D:3      | Reached skill level 4 in Fighting
  2664 | D:3      | Noticed a sky beast
  2679 | D:3      | Killed a sky beast
  2680 | D:3      | Reached XP level 6. HP: 26/53 MP: 5/5
  3432 | D:4      | Reached XP level 7. HP: 51/60 MP: 6/6
  3583 | D:4      | Reached skill level 5 in Fighting
  3593 | D:4      | Got a dazzling scale mail
  3616 | D:4      | Identified the +1 scale mail "Fothro" {Dex+4 Slay+3} (You
                  | found it on level 4 of the Dungeon)
  3670 | D:4      | Found a sand-covered staircase.
  3679 | Ossuary  | Entered an ossuary
  4007 | Ossuary  | Noticed Menkaure
  4016 | Ossuary  | Killed Menkaure
  4183 | D:4      | Found an opulent altar of Gozag.
  4285 | D:4      | Reached skill level 5 in Dodging
  4474 | D:4      | Found an ornate altar of the Wu Jian Council.
  4649 | D:4      | Found a large runed translucent door.
  4649 | D:4      | Found a large runed translucent door.
  4653 | D:4      | Noticed Raspi's ghost (weakling GrDe)
  4660 | D:4      | Killed Raspi's ghost
  4661 | D:4      | Reached XP level 8. HP: 60/69 MP: 7/7
  4734 | D:5      | Entered Level 5 of the Dungeon
  5233 | D:5      | Reached skill level 6 in Fighting
  5236 | D:5      | Reached skill level 5 in Unarmed Combat
  5579 | D:5      | Found a staircase to the Ecumenical Temple.
  5594 | Temple   | Entered the Ecumenical Temple
  5635 | Temple   | Became a worshipper of Ashenzari the Shackled
  5839 | D:5      | Found a bloodstained altar of Trog.
  5968 | D:5      | Found a shimmering altar of Xom.
  6022 | D:5      | Reached skill level 5 in Armour
  6204 | D:6      | Found a white marble altar of Elyvilon.
  6215 | D:6      | Reached skill level 1 in Long Blades
  6306 | D:6      | Reached XP level 9. HP: 74/78 MP: 8/8
  6732 | D:6      | Reached skill level 7 in Fighting
  6832 | D:6      | Found a burning altar of Makhleb.
  6832 | D:6      | Noticed a green death
  6835 | D:6      | Noticed an orange demon
  6835 | D:6      | Noticed a smoke demon
  6864 | D:6      | Found a glowing golden altar of the Shining One.
  7051 | D:7      | Found a sacrificial altar of Ru.
  7153 | D:7      | Reached * piety under Ashenzari
  7162 | D:7      | Got the cursed leather armour of the Game of Kings {rN++
                  | Str+2 Dex+7}
  7369 | D:7      | Got the uncursed ring mail "Jonugi" {rElec SInv}
  7380 | D:7      | Identified the +1 ring mail "Jonugi" {rElec SInv} (You
                  | found it on level 7 of the Dungeon)
  7663 | D:8      | Found a radiant altar of Vehumet.
  7687 | D:8      | Found a stormy altar of Qazlal.
  7874 | D:8      | Found Enuzesk's Jewellery Emporium.
  8130 | D:8      | Noticed a torpor snail
  8139 | D:8      | Found a snail-covered altar of Cheibriados.
  8139 | D:8      | Noticed a torpor snail
  8141 | D:8      | Noticed a torpor snail
  8390 | D:8      | Identified a scroll of acquirement
  8390 | D:8      | Acquired 1378 gold pieces
  8654 | D:8      | Reached skill level 5 in Long Blades
  8946 | D:9      | Reached XP level 10. HP: 86/88 MP: 9/9
  9002 | D:9      | Reached ** piety under Ashenzari
  9002 | D:9      | Noticed Erolcha
  9018 | D:9      | Killed Erolcha
  9019 | D:9      | Reached skill level 8 in Fighting
  9609 | D:9      | Found an ancient bone altar of Kikubaaqudgha.
  9810 | D:10     | Entered Level 10 of the Dungeon
  9902 | D:10     | Killed an unseen horror
 10112 | D:10     | Slain by a black bear

Illustrated notes

Levels and vault maps discovered:
D:1:      minmay_arrival_plants_in_alcoves, layout_loops_corners
D:2:      layout_basic, lemuel_round_altar, yredelemnul_altar_generic,
          uniq_natasha
D:3:      layout_rooms, lemuel_round_altar
D:4:      layout_basic, nzn_wu_jian_council_hall, grunt_gozag_breadcrumbs,
          ebering_ghost_disaster_area, nicolae_ossuary_entry_monument,
          minmay_bent
D:5:      layout_cave_pods, lemuel_round_altar, minmay_temple_entry_mini_moons,
          trog_book
D:6:      layout_cave_pools, nicolae_tso_swordbearing_angel, elyvilon_altar_1,
          makhleb_altar_promises_db, uniq_menkaure
D:7:      layout_cave_pools, nicolae_ru_great_annihilating_truth,
          chequers_mini_garden
D:8:      layout_basic, cheibriados_altar_2, fiery_altar_vehumet,
          nicolae_overflow_hidden_temple, moated_statue, grunt_ministairs_9,
          chequers_arboretum, minmay_shop_enchanted_jewellery
D:9:      layout_roguey, kennysheep_vampire_church, uniq_erolcha
D:10:     layout_basic, grunt_lair_entry_orc_guard_hut
Temple:   kb_temple_of_zot

Skill      XL: |  1  2  3  4  5  6  7  8  9 10 |
---------------+-------------------------------+-----
Dodging        | 3 4 5 6 7 |  7.5
Armour         | 1 2 3 4 5 6 |  6.9
Fighting       | 3 4 5 6 7 8 |  8.7
Unarmed Combat | 4 5 |  5.2
Long Blades    | 2 5 6 |  6.7
Throwing       | |  1.7

Action                   |  1- 3 |  4- 6 |  7- 9 | 10-12 || total
-------------------------+-------+-------+-------+-------++-------
Melee: Unarmed           |    98 |   230 |   610 |   147 ||  1085
       Punch             |     1 |     3 |    11 |     5 ||    20
Throw: Throwing net      |       |       |     1 |       ||     1
  Use: Potion            |       |     1 |     1 |     3 ||     5
       Scroll            |       |       |    14 |       ||    14
 Stab: Sleeping          |       |     4 |     3 |       ||     7
       Invisible         |       |       |     1 |       ||     1
       Paralysed         |       |       |     1 |       ||     1
Armor: Leather armour    |    37 |    83 |     3 |       ||   123
       Scale mail        |       |       |   183 |   115 ||   298
Dodge: Dodged            |    56 |   151 |   346 |   151 ||   704
